 Dungeon Sprint DCSS version 0.30-a0-52-g86a8295270 (webtiles) character file.

Game seed: 16458480688930469954

396 rocky1 the Carver (level 6, -1/55 HPs)
             Began as a Merfolk Gladiator on Sept 7, 2022.
             Was an Initiate of Gozag.
             Killed by nerve-wracking pain
             ... invoked by an orc priest
              (10 damage)
             ... in the Dungeon (Sprint VII: "The Pits").
             The game lasted 00:01:54 (486 turns).

rocky1 the Carver (Merfolk Gladiator)                Turns: 486, Time: 00:01:55

Health: -1/55      AC: 13    Str: 14    XL:     6   Next: 82%
Magic:  6/6        EV: 10    Int:  7    God:    Gozag
Gold:   747        SH:  0    Dex: 18    Spells: 5/5 levels left

rFire   . . .      SeeInvis .    p - +2 long sword (holy)
rCold   . . .      Faith    .    (no shield)
rNeg    . . .      Spirit   .    o - +3 chain mail
rPois   .          Reflect  .    c - +0 helmet
rElec   .          Harm     .    (no cloak)
rCorr   .          Rampage  .    (no gloves)
Will    .....      NoTele   +    (no boots)
Stlth   ..........               (no amulet)
HPRegen 0.18/turn                (no ring)
MPRegen 0.10/turn                (no ring)

@: gold aura
A: (nimble swimmer 2), mertail
a: Renounce Religion, Potion Petition, Call Merchant, Bribe Branch


You were in the Dungeon.
You worshipped Gozag.
Gozag was pleased with you.
You visited 1 branch You collected 747 gold pieces.

Inventory:

Hand Weapons
 a - a +1 vorpal trident
 p - a +2 long sword of holy wrath (weapon)
Missiles
 d - 3 throwing nets (quivered)
 e - a javelin
Armour
 b - a +0 leather armour
 c - a +0 helmet (worn)
 o - a +3 chain mail (worn)
Scrolls
 k - a scroll of blinking
 m - 5 scrolls of amnesia
 n - a scroll of summoning
Potions
 f - 6 potions of curing
 g - 3 potions of heal wounds
 h - a potion of haste
 i - 4 potions of magic
 j - 3 potions of berserk rage
 l - 2 potions of invisibility


   Skills:
 + Level 7.1 Fighting
 * Level 11.3 Long Blades
 - Level 2.1 Throwing
 + Level 4.5 Armour
 + Level 9.3 Dodging


You had 5 spell levels left.
You didn't know any spells.
Your spell library was empty.

Dungeon Overview and Level Annotations

Branches:
Dungeon (1/1)

Altars:
Ashenzari
Cheibriados
Dithmenos
Elyvilon
Fedhas
Gozag
Hepliaklqana
Kikubaaqudgha
Makhleb
Nemelex Xobeh
Okawaru
Qazlal
Ru
Sif Muna
Trog
Uskayaw
Vehumet
Wu Jian
Xom
Yredelemnul
Zin
The Shining One
Jiyva
Lugonu


Innate Abilities, Weirdness & Mutations

((You are very nimble when in or above water. (Stealth+, EV+, Speed+++)))
Your lower body shifts to a powerful aquatic tail in water.


Message History

You barely miss the adder. The adder misses you.
You slash the adder!
The adder is almost dead.
The orc priest hits you from afar with a +0 trident.
* * * LOW HITPOINT WARNING * * *
The adder bites you but does no damage.
You feel much better. The adder bites you but does no damage.
The orc priest hits you from afar with a +0 trident.
You closely miss the adder.
The adder is almost dead.
The adder is distracted by your dazzling golden aura.
The orc priest hits you from afar with a +0 trident.
The adder hisses angrily.
You hit the adder.
You kill the adder!
The orc priest calls down the wrath of Beogh upon you.
Beogh smites you!
* * * LOW HITPOINT WARNING * * *
You hit the quokka.
You kill the quokka!
The orc priest looks braver for a moment.
An orc wizard comes into view. It is wielding a +0 dagger.
The orc wizard shouts!
The orc priest hits you but does no damage.
There is an open door, spattered with blood here.
Things that are here:
198 gold pieces; a +0 club You closely miss the orc priest.
You hit the orc priest.
The orc priest is lightly wounded.
The orc priest hits you with a +0 trident.
* * * LOW HITPOINT WARNING * * *
An orc comes into view. It is wielding a +0 dagger.
You barely miss the orc priest.
The orc priest is lightly wounded.
The orc shouts!
The orc priest invokes the aid of Beogh against you.
Pain shoots through your body!
You die...
Your body crumbles into a pile of gold.

#.#.)#).#..##.....
#.#..'..#.)#####'#
#.#..####))##.....
#.#..#..#))##.....
#.#..#..#.[##.....
#.##'#..#'###...<.
#.#........##.....
#$#........##.....
#@###########.....
#o..o...# ######
#..###o.# #...
##.## .. .# ..


You could see an orc priest, an orc wizard and an orc.

Vanquished Creatures
  2 fire bats (D)
  A necrophage (D)
  A gnoll (D)
  An adder (D)
  2 river rats (D)
  An adder skeleton (D)
  An adder zombie (D)
  3 orcs (D)
  A goblin (D)
  6 jackals (D)
  2 quokkas (D)
21 creatures vanquished.

Notes
Turn   | Place    | Note
-------+----------+-------------------------------------------
     0 | D        | rocky1 the Merfolk Gladiator began the quest for the Orb.
     0 | D        | Reached XP level 1. HP: 16/16 MP: 1/1
    16 | D        | Reached skill level 4 in Long Blades
    20 | D        | Found a bloodstained altar of Trog.
    20 | D        | Found a shimmering blue altar of Sif Muna.
    20 | D        | Found a viscous altar of Jiyva.
    20 | D        | Found a hazy altar of Hepliaklqana.
    20 | D        | Found an opulent altar of Gozag.
    21 | D        | Found a glowing golden altar of the Shining One.
    21 | D        | Found a glowing silver altar of Zin.
    21 | D        | Found a basalt altar of Yredelemnul.
    21 | D        | Found a shimmering altar of Xom.
    21 | D        | Found an ornate altar of the Wu Jian Council.
    21 | D        | Found a sacrificial altar of Ru.
    21 | D        | Found a stormy altar of Qazlal.
    21 | D        | Found an iron altar of Okawaru.
    21 | D        | Found a sparkling altar of Nemelex Xobeh.
    21 | D        | Found a burning altar of Makhleb.
    21 | D        | Found a blossoming altar of Fedhas.
    21 | D        | Found a white marble altar of Elyvilon.
    21 | D        | Found a shadowy altar of Dithmenos.
    21 | D        | Found a snail-covered altar of Cheibriados.
    24 | D        | Found a corrupted altar of Lugonu.
    24 | D        | Found a radiant altar of Vehumet.
    25 | D        | Found an ancient bone altar of Kikubaaqudgha.
    25 | D        | Found a hide-covered altar of Uskayaw.
    25 | D        | Found a broken altar of Ashenzari.
    28 | D        | Became a worshipper of Gozag Ym Sagoz the Greedy
    72 | D        | Reached XP level 2. HP: 17/23 MP: 2/2
   165 | D        | Reached skill level 5 in Long Blades
   165 | D        | Reached skill level 1 in Armour
   165 | D        | Reached skill level 5 in Dodging
   215 | D        | Reached XP level 3. HP: 26/29 MP: 3/3
   223 | D        | Reached skill level 6 in Long Blades
   455 | D        | Noticed a necrophage
   456 | D        | Noticed a fire bat
   458 | D        | Noticed a fire bat
   461 | D        | Killed a fire bat
   462 | D        | Reached skill level 5 in Fighting
   462 | D        | Reached skill level 9 in Long Blades
   462 | D        | Reached XP level 4. HP: 28/40 MP: 4/4
   462 | D        | Reached XP level 5. HP: 33/46 MP: 5/5
   466 | D        | Reached XP level 6. HP: 38/52 MP: 6/6
   473 | D        | Killed a fire bat
   474 | D        | Reached skill level 11 in Long Blades
   486 | D        | Killed from afar by an orc priest

Illustrated notes

Levels and vault maps discovered:
D:        pitsprint [storerooms_1, entrance_room_1, metal_vault_4, armoury_3,
          mini_pit_1, grid_room_1, main_hall_1, silver_pit, the_coven_1,
          the_vestibule_1, steel_vault_1, golden_pit, hallway_of_sentries,
          crystal_vault_2, iron_vault_4, final_vault]

Skill      XL: |  1  2  3  4  5  6 |
---------------+-------------------+-----
Long Blades    | 4 5 9 11 | 11.3
Fighting       | 3 5 6 7 |  7.1
Armour         | 1 3 4 |  4.5
Dodging        | 5 7 8 9 |  9.3
Throwing       | |  2.1

Action                   |  1- 3 |  4- 6 || total
-------------------------+-------+-------++-------
Melee: Long sword        |    41 |    20 ||    61
       Punch             |     2 |       ||     2
  Use: Potion            |       |     3 ||     3
Armor: Leather armour    |    14 |       ||    14
       Chain mail        |     2 |    11 ||    13
Dodge: Dodged            |    61 |     6 ||    67

Table legend: (Time is in decaauts)
 A = Elapsed time spent in this place.
 B = Non-inter-level travel time spent in this place.
 C = Inter-level travel time spent in this place.
 D = Time resting spent in this place.
 E = Time spent auto-exploring this place.
 F = Levels seen in this place.
 G = Mean time per level.
                   A        B        C        D        E       F      G
               +--------+--------+--------+--------+--------+-----+--------+
         Total |    488 |    429 |     59 |    211 |      0 |   1 |  488.0 |
       Dungeon |    488 |    429 |     59 |    211 |      0 |   1 |  488.0 |
               +--------+--------+--------+--------+--------+-----+--------+

Top non-repeatable levels by time:
       D: 488 daAuts
